cohdb
Replays
Latest Replays
All Replays
Popular Replays
Top Player Replays
Match Explorer
How It Works
Community
CoH3 Stats
Reddit
Sign in to upload your games and track your stats! →
Sign in with Steam
Match 43789146
Unlisted
Match 43789146
Overview
Messages
Build Orders
End
Construct Infanterie Kompanie
Selects Terror Battlegroup
Selects Machine Gun Camouflage
Pioneer Squad
MG 42 Machine Gun Team
MG 42 Machine Gun Team
Grenadier Squad
Construct Luftwaffe Kompanie
Jäger Squad
Jäger Squad
Luftwaffe Officer Quarters
Selects Interrogate
221 Scout Car
Infanterie Officer Quarters
Medical Bunker
Forward Retreat Point
Jäger Squad
Selects No Quarter
Flak 30 Anti-aircraft Gun Team
Jäger Squad
221 Scout Car
Construct Panzer Kompanie
Panzer IV Medium Tank
Selects Propaganda Leaflet Drop
Propaganda Leaflet Drop
Panzer IV Medium Tank
Selects V1 Rocket Strike
Side Skirts
Kettenkrad Recon Vehicle
Panzer IV Medium Tank
Construct Panzergrenadier Kompanie
Propaganda Leaflet Drop
Larry
Victor
hogarthw
Mr Alien
Resolve
Ze_Goober_Meister
0
0
Comments
sign in to comment!
No comments posted yet!